cohdb
Replays
Latest Replays
All Replays
Popular Replays
Top Player Replays
Match Explorer
How It Works
Community
CoH3 Stats
Reddit
Sign in to upload your games and track your stats! →
Sign in with Steam
Match 41500333
Unlisted
Match 41500333
Overview
Messages
Build Orders
End
Panzergrenadier Squad
Panzergrenadier Squad
250 Light Carrier
Construct Light Support Kompanie
Fire Support Elements
Panzerjäger Squad
Flakvierling Half-track
Panzerjäger Mechanized Group
Selects Panzerjäger Kommand Battlegroup
Selects Tank Busters
Selects Mine Fields
Panzerjäger Squad
Assault Mechanized Group
Construct Panzerarmee Kommand
Vehicle Survival Package
Panzer III L Medium Tank
Panzerjäger Squad
Selects Defensive Positions
Selects Butterfly Bomb Drop
Butterfly Bomb Drop
カルト_くん
AfroNinja
Frank S-Deel Soldier
Maup
0
0
Comments
sign in to comment!
No comments posted yet!